 Dungeon Crawl Stone Soup version 0.30.1 (webtiles) character file.

Game seed: 1594072124272143760

6126 AgateBread the Carver (level 10, -2/110 HPs)
             Began as an Ogre Earth Elementalist on July 10, 2023.
             Was an Initiate of Gozag.
             Killed from afar by a gargoyle (22 damage)
             ... with a stone arrow
             ... on level 9 of the Dungeon.
             The game lasted 00:49:54 (15604 turns).

AgateBread the Carver (Ogre Earth Elementalist)    Turns: 15604, Time: 00:49:54

Health: -2/110     AC:  5    Str: 20    XL:     10   Next: 89%
Magic:  11/24      EV: 10    Int: 18    God:    Gozag
Gold:   820        SH:  0    Dex: 11    Spells: 23/29 levels left

rFire   . . .        z - +3 long sword (elec)
rCold   + . .        (no shield)
rNeg    . . .        K - +2 robe {rC+}
rPois   .            (helmet restricted)
rElec   .            (no cloak)
rCorr   +            (gloves unavailable)
SInv    .            (boots unavailable)
Will    +....        (no amulet)
Stlth   ++           v - ring of resist corrosion
HPRegen 0.38/turn    D - +6 ring of strength
MPRegen 0.19/turn

%: no passive effects
@: very slightly contaminated
A: large, unfitting armour, tough skin 1
a: Renounce Religion, Potion Petition, Call Merchant, Bribe Branch


You were on level 9 of the Dungeon.
You worshipped Gozag.
Gozag was pleased with you.
You visited 2 branches of the dungeon, and saw 10 of its levels.
You also visited: Bailey.

You collected 1180 gold pieces.
You paid 360 gold pieces to Gozag.

Inventory:

Hand Weapons
 j - a +2 halberd of draining
 s - a +3 war axe
 y - a +2 halberd of electrocution
 z - a +3 long sword of electrocution (weapon)
 A - a +1 hand axe of flaming
 I - the +2 whip "Jaeg" {pain, Fly rC+}
   (You found it on level 5 of the Dungeon)

   rC:        It protects you from cold.
   Fly:       It grants you flight.
 N - a +0 scimitar
 R - the +6 mace of Ilenuydgh {elec, Int+2 Dex+2}
   (You took it off an orc on level 8 of the Dungeon)

   Int:       It affects your intelligence (+2).
   Dex:       It affects your dexterity (+2).
Missiles
 d - 9 javelins
 e - 10 poisoned darts
 J - 2 silver javelins
Armour
 w - the +2 robe "Zechyahe" {Harm rElec Dex-5 SInv}
   (You took it off an orc on level 3 of the Dungeon)

   Dex:       It affects your dexterity (-5).
   rElec:     It insulates you from electricity.
   SInv:      It lets you see invisible.
   Harm:      It increases damage dealt and taken.
 K - a +2 robe of cold resistance (worn)
 M - a +0 robe of positive energy
 O - +0 swamp dragon scales
 S - a +0 kite shield
Jewellery
 a - a ring of ice
 g - a +4 ring of protection
 r - a ring of fire
 v - a ring of resist corrosion (left hand)
 D - a +6 ring of strength (right hand)
Wands
 l - a wand of polymorph (11)
Scrolls
 k - a scroll of silence
 m - a scroll of teleportation
 o - 3 scrolls of fear {unknown}
 q - 4 scrolls of vulnerability
 C - 2 scrolls of enchant weapon {unknown}
 E - a scroll of noise
 F - a scroll of blinking {unknown}
 G - 2 scrolls of fog {unknown}
Potions
 b - 5 potions of magic
 c - a potion of cancellation
 f - 3 potions of resistance
 h - 5 potions of brilliance
 i - 2 potions of berserk rage
 n - 2 potions of might {unknown}
 p - 3 potions of mutation
 t - 3 potions of flight
 u - 6 potions of haste
 x - 3 potions of curing {unknown}
 B - 4 potions of heal wounds
 H - a potion of invisibility {unknown}
 Q - a potion of attraction {unknown}


   Skills:
 - Level 10.0 Fighting
 + Level 11.7 Long Blades
 - Level 1.7 Dodging
 - Level 1.4 Stealth
 - Level 10.0 Spellcasting
 - Level 0.8 Transmutations
 + Level 6.0 Earth Magic


You had 23 spell levels left.
You knew the following spells:

 Your Spells              Type           Power      Damage    Failure   Level
a - Sandblast             Erth           60%        2d14      1%          1
b - Scorch                Fire           18%        2d5       12%         2
c - Stone Arrow           Conj/Erth      38%        3d9       7%          3

Your spell library contained the following spells:

 Spells                   Type           Power      Damage    Failure   Level
 Passwall                 Tmut/Erth      17%        N/A       3%          2
 Ensorcelled Hibernation  Hex/Ice        18%        N/A       12%         2
 Petrify                  Tmut/Erth      21%        N/A       19%         4
 Spider Form              Tmut/Pois      10%        N/A       21%         3
 Anguish                  Hex/Necr       4%         N/A       61%         4
 Flame Wave               Conj/Fire      9%         2d6       61%         4
 Passage of Golubria      Tloc           9%         N/A       61%         4
 Silence                  Hex/Air        4%         N/A       91%         5
 Summon Cactus Giant      Summ           4%         N/A       100%        6
 Lehudib's Crystal Spear  Conj/Erth      9%         10d4      100%        8


Dungeon Overview and Level Annotations

Branches:
Dungeon (9/15)             Temple (1/1) D:6            Lair (0/5) D:9
 Bailey (visited)
    Orc: D:9-12

Altars:
Ashenzari
Dithmenos
Elyvilon
Fedhas
Gozag
Hepliaklqana
Kikubaaqudgha
Makhleb
Nemelex Xobeh
Okawaru
Qazlal
Ru
Sif Muna
Trog
Uskayaw
Vehumet
Wu Jian
Xom
Yredelemnul
Zin
The Shining One

Shops:
D:7 *

Annotations:
D:8 1 runed translucent door, Radiant's ghost, novice DrCj


Innate Abilities, Weirdness & Mutations

You are too large for most types of armour.
You have tough skin. (AC +1)


Message History

The stone arrow hits the gargoyle!
The gargoyle is severely damaged.
The gargoyle hits you with a +2 flail of protection!
You hit the gargoyle but do no damage.
The gargoyle is severely damaged.
The gargoyle closely misses you.
You hit the gargoyle but do no damage.
The gargoyle is severely damaged.
The gargoyle hits you with a +2 flail of protection!
You hit the gargoyle but do no damage.
The gargoyle is severely damaged.
Aiming: Stone Arrow (mildly dangerous; 7% risk of failure)
Press: ? - help, Q - select action, (/) - cycle Shift-Dir - straight line, f/p - gargoyle
Aim: a gargoyle, wielding a +2 flail of protection (severely damaged, 85% to hit)
You miscast Stone Arrow.
Nothing appears to happen.
The gargoyle hurls a stone arrow at you.
The stone arrow misses you.
You hit the gargoyle but do no damage.
The gargoyle is severely damaged.
The gargoyle hits you with a +2 flail of protection!
Aiming: Stone Arrow (mildly dangerous; 7% risk of failure)
Press: ? - help, Q - select action, (/) - cycle Shift-Dir - straight line, f/p - gargoyle
Aim: a gargoyle, wielding a +2 flail of protection (severely damaged, 85% to hit)
The stone arrow hits the gargoyle but does no damage.
The gargoyle is severely damaged.
The gargoyle hits you with a +2 flail of protection!
You hit the gargoyle.
The gargoyle is almost destroyed.
The gargoyle hurls a stone arrow at you.
The stone arrow hits you!
You hit the gargoyle but do no damage.
The gargoyle is almost destroyed.
The gargoyle hits you with a +2 flail of protection!!
* * * LOW HITPOINT WARNING * * *
You hit the gargoyle but do no damage.
The gargoyle is almost destroyed.
The gargoyle hurls a stone arrow at you.
The stone arrow hits you!!
You die...
Your body crumbles into a pile of gold.

.....# #..........#
.....# #.###...####
.)...###..........#
.(...##...##...##...
.....##.###8...8###
........#[##...##8#
.......###).....'# #
###....#8#.......#[#
# #....##'......@9#
# #....##....8....#
# #....##'.......+#
# #....#8#.......# #
#....###).....+#
#!##).'##$ ###.###8#
### ##


You could see a gargoyle.

Vanquished Creatures
  Maggie (D:7)
  3 gargoyles (D:9)
  A komodo dragon (D:9)
  A wraith (D:9)
  A wyvern (D:8)
  Grum (D:8)
  A steam dragon (D:8)
  2 water moccasins
  An ice beast (D:5)
  3 orc warriors
  5 black bears
  An ogre (D:5)
  3 wolves (D:8)
  2 centaurs
  2 kobold brigands
  13 bullfrogs
  A gnoll sergeant (D:9)
  3 scorpions
  8 killer bees
  5 howler monkeys
  3 jellies
  3 orc priests
  A gnoll bouda (D:6)
  3 hounds
  2 iguanas (D:5)
  Jessica (D:2)
  2 sleepcaps (D:5)
  5 orc wizards
  4 adders
  16 gnolls
  2 white imps
  An ufetubus (D:5)
  A worm (D:3)
  2 dart slugs (D:5)
  33 orcs
  3 ball pythons
  4 bats
  9 endoplasms
  A giant cockroach (D:1)
  14 goblins
  2 hobgoblins (D:1)
  4 jackals (D:4)
  9 quokkas
  2 frilled lizards (D:1)
  13 kobolds
  A rat (D:1)
199 creatures vanquished.

Notes
Turn   | Place    | Note
-------+----------+-------------------------------------------
     0 | D:1      | AgateBread the Ogre Earth Elementalist began the quest for
                  | the Orb.
     0 | D:1      | Reached XP level 1. HP: 16/16 MP: 3/3
    22 | D:1      | Reached skill level 1 in Fighting
    22 | D:1      | Reached XP level 2. HP: 27/27 MP: 2/5
   286 | D:1      | Reached XP level 3. HP: 35/35 MP: 3/7
  1518 | D:2      | Noticed Jessica
  1521 | D:2      | Killed Jessica
  1522 | D:2      | Reached XP level 4. HP: 45/45 MP: 6/9
  2300 | D:3      | Identified the +2 robe "Zechyahe" {Harm rElec Dex-5 SInv}
  2663 | D:3      | Reached XP level 5. HP: 54/54 MP: 8/11
  3649 | D:4      | Reached skill level 5 in Fighting
  3649 | D:4      | Reached skill level 5 in Spellcasting
  3649 | D:4      | Reached XP level 6. HP: 51/66 MP: 7/13
  3971 | D:4      | Noticed a black bear
  3983 | D:4      | Killed a black bear
  4407 | D:4      | Found a glowing silver altar of Zin.
  4508 | D:5      | Entered Level 5 of the Dungeon
  4623 | D:5      | Learned a level 2 spell: Scorch
  4779 | D:5      | Identified the +2 whip "Jaeg" {pain, Fly rC+}
  4804 | D:5      | Found a sparkling altar of Nemelex Xobeh.
  4885 | D:5      | Reached XP level 7. HP: 23/75 MP: 4/15
  6469 | D:5      | Reached XP level 8. HP: 83/88 MP: 15/18
  7718 | D:6      | Found a basalt altar of Yredelemnul.
  7718 | D:6      | Found a white marble altar of Elyvilon.
  7726 | D:6      | Found a bloodstained altar of Trog.
  7731 | D:6      | Found a hazy altar of Hepliaklqana.
  7733 | D:6      | Found a sacrificial altar of Ru.
  7848 | D:6      | Found a staircase to the Ecumenical Temple.
  7855 | Temple   | Entered the Ecumenical Temple
  8103 | Temple   | Became a worshipper of Gozag Ym Sagoz the Greedy
  8149 | D:6      | Noticed a +0 dagger
  8150 | D:6      | Found a hide-covered altar of Uskayaw.
  8150 | D:6      | Noticed a +0 dagger
  8711 | D:7      | Found a flagged portal.
  8752 | Bailey   | Entered a bailey
  9700 | Bailey   | Reached skill level 10 in Fighting
  9700 | Bailey   | Reached XP level 9. HP: 24/94 MP: 15/22
 10216 | D:7      | Reached skill level 1 in Long Blades
 10217 | D:7      | Reached skill level 2 in Long Blades
 10220 | D:7      | Noticed Maggie
 10239 | D:7      | HP: 4/100 [Maggie/bolt of fire (30)]
 10243 | D:7      | Killed Maggie
 10244 | D:7      | Reached skill level 3 in Long Blades
 10717 | D:7      | Found Lycs's Fire Supplies.
 10921 | D:7      | Reached skill level 4 in Long Blades
 11016 | D:7      | Found a stormy altar of Qazlal.
 11170 | D:8      | Reached skill level 5 in Long Blades
 11170 | D:8      | Reached skill level 10 in Spellcasting
 11491 | D:7      | Reached skill level 6 in Long Blades
 11808 | D:8      | Reached skill level 7 in Long Blades
 11824 | D:8      | Reached skill level 8 in Long Blades
 11844 | D:8      | Reached skill level 9 in Long Blades
 11907 | D:8      | Reached XP level 10. HP: 19/108 MP: 24/24
 12056 | D:8      | Noticed Grum
 12502 | D:8      | Learned a level 3 spell: Stone Arrow
 12509 | D:8      | Found an iron altar of Okawaru.
 12655 | D:8      | Killed Grum
 12656 | D:8      | Reached skill level 10 in Long Blades
 13044 | D:8      | Found a runed translucent door.
 13044 | D:8      | Noticed Radiant's ghost (novice DrCj)
 13407 | D:8      | Identified the +6 mace of Ilenuydgh {elec, Int+2 Dex+2}
 14284 | D:9      | Reached skill level 11 in Long Blades
 14448 | D:9      | Found a staircase to the Lair.
 14461 | D:9      | Reached skill level 5 in Earth Magic
 14685 | D:9      | Noticed a two-headed ogre
 14969 | D:9      | Noticed a gargoyle
 14982 | D:9      | Killed a gargoyle
 15056 | D:9      | Noticed a gargoyle
 15065 | D:9      | Killed a gargoyle
 15353 | D:9      | Noticed a gargoyle
 15360 | D:9      | Killed a gargoyle
 15589 | D:9      | Noticed a gargoyle
 15604 | D:9      | Killed from afar by a gargoyle

Illustrated notes

Levels and vault maps discovered:
D:1:      dpeg_arrival_arbitrary_b, layout_basic
D:2:      layout_loops_ring, uniq_jessica
D:3:      layout_loops_corners
D:4:      cheibrodos_old_hovel, layout_basic, mainiacjoe_overflow_cross_hatched,
          grunt_ministairs_10
D:5:      layout_basic, nemelex_diamond_rough_becter, minmay_manual_mail
D:6:      layout_loops_ring, chequers_temple_overflow_minitemple,
          dancing_weapons_uskayaw, minmay_temple_entry_enclosed_plants
D:7:      layout_basic, mainiacjoe_overflow_six_doors_small, enter_bailey_5,
          nicolae_shop_fire_sale [nicolae_sub_dead_trees], uniq_maggie
D:8:      layout_layer_cave, okawaru_trees_1, ebering_ghost_reflecting_pool,
          uniq_grum
D:9:      cheibrodos_statue_roulette, layout_long_grid,
          due_lair_maze_entry_diamond, orc_david_3,
          minmay_fractal_squares_diagonal_5
Temple:   hellmonk_temple_of_storms

Skill      XL: |  1  2  3  4  5  6  7  8  9 10 |
---------------+-------------------------------+-----
Fighting       | 1 2 3 4 5 6 8 10 | 10.0
Spellcasting   | 3 4 5 7 9 10 | 10.0
Long Blades    | 9 11 | 11.7
Earth Magic    | 6 |  6.0
Dodging        | |  1.7
Stealth        | |  1.4
Transmutations | |  0.8

Action                     |  1- 3 |  4- 6 |  7- 9 | 10-12 || total
---------------------------+-------+-------+-------+-------++-------
  Melee: Spear             |    10 |       |       |       ||    10
         Short sword       |    26 |    29 |       |       ||    55
         Long sword        |       |    11 |   170 |   125 ||   306
         Punch             |       |       |     1 |     5 ||     6
  Throw: Throwing net      |       |       |     1 |     1 ||     2
         Javelin           |       |       |     2 |       ||     2
   Cast: Sandblast         |    29 |    89 |    87 |    33 ||   238
         Scorch            |       |       |     7 |       ||     7
         Stone Arrow       |       |       |       |    27 ||    27
 Invoke: Potion Petition   |       |       |     1 |       ||     1
  Evoke: Wand              |       |       |    16 |     1 ||    17
    Use: Scroll            |       |     6 |     6 |     1 ||    13
         Potion            |       |       |     5 |     2 ||     7
   Stab: Sleeping          |     1 |       |     9 |       ||    10
         Held in net/web   |       |       |       |     1 ||     1
 Armour: Robe              |    20 |    37 |    64 |    51 ||   172
  Dodge: Dodged            |    23 |    56 |   150 |    76 ||   305
